 Dungeon Sprint DCSS version 0.28-a0-79-g444c7a33f5 (webtiles) character file.

Game seed: 350529557561434154

97 Zeldest the Martial Artist (level 4, -3/32 HPs)
             Began as a Demonspawn Transmuter on Aug 2, 2021.
             Slain by an ufetubus (5 damage)
             ... in the Dungeon (Sprint IX: "|||||||||||||||||||||||||||||").
             The game lasted 00:00:23 (35 turns).

Zeldest the Martial Artist (Demonspawn Transmuter)    Turns: 35, Time: 00:00:23

Health: -3/32      AC:  2    Str: 11    XL:     4   Next: 42%
Magic:  2/7        EV: 12    Int: 14    God:
Gold:   0          SH:  0    Dex: 14    Spells: 6/7 levels left

rFire   . . .      SeeInvis .     - Unarmed
rCold   . . .      Faith    .   (no shield)
rNeg    . . .      Spirit   .   a - +0 robe
rPois   .          Reflect  .   (helmet currently unavailable)
rElec   .          Harm     .   (no cloak)
rCorr   .          Rampage  .   (no gloves)
Will    .....      NoTele   +   (boots currently unavailable)
Stlth   +.........              (no amulet)
HPRegen 0.10/turn               (no ring)
MPRegen 0.10/turn               (no ring)

@: appendages (expiring), on berserk cooldown, hasted and slowed
A: horns 2, ([talons 0]), hooves 1
a: End Transformation


You were in the Dungeon.
You had temporarily grown beastly horns and talons.
You visited 1 branch

Inventory:

Armour
 a - a +0 robe (worn)
Scrolls
 g - a scroll of blinking
Potions
 b - a potion of curing
 c - a potion of heal wounds
 e - 2 potions of magic


   Skills:
 - Level 1.0 Fighting
 - Level 1.7 Dodging
 + Level 8.6 Unarmed Combat
 - Level 2.0 Spellcasting
 - Level 1.7 Transmutations


You had 6 spell levels left.
You knew the following spells:

 Your Spells              Type           Power      Damage    Failure   Level
a - Beastly Appendage     Tmut           12%        N/A       12%         1

Your spell library contained the following spells:

 Spells                   Type           Power      Damage    Failure   Level
 Wereblood                Tmut           6%         N/A       17%         2
 Spider Form              Tmut/Pois      1%         N/A       45%         3
 Ice Form                 Ice/Tmut       3%         N/A       86%         4


Dungeon Overview and Level Annotations

Branches:
Dungeon (1/1)

Altars:


Innate Abilities, Weirdness & Mutations

You have temporarily grown beastly horns and talons.
You have large cloven feet.


Message History

You destroy the bat skeleton!
The ogre hits you with a +0 giant club!
There is an open door, spattered with blood here.
You punch the ogre! You headbutt the ogre!
The ogre is almost dead.
Your magical contamination has completely faded away.
You hit the ogre.
You kill the ogre!
Your Unarmed Combat skill gained 4 levels and is now at level 8!
You have reached level 2!
Your demonic ancestry asserts itself...
Your talons look more like feet.
Your talons dull and shrink into feet.
Your feet thicken and deform.
You have reached level 3!
Your experience leads to an increase in your attributes!
Increase (S)trength, (I)ntelligence, or (D)exterity?
You feel stronger.
You have reached level 4!
You feel agile. The white imp hits you. The white imp freezes you.
* * * LOW HITPOINT WARNING * * *
You see here a +0 giant club.
You barely miss the white imp. Your kick misses the white imp.
You headbutt the white imp.
The white imp is moderately wounded.
The white imp hits you.
* * * LOW HITPOINT WARNING * * *
The white imp freezes you.
* * * LOW HITPOINT WARNING * * *
You hit the white imp. You kick the white imp.
You kill the white imp!
You are no longer berserk.
You are exhausted.
You feel yourself slow down.
You hit the ufetubus but do no damage. The ufetubus hits you.
* * * LOW HITPOINT WARNING * * *
The ufetubus hits you.
* * * LOW HITPOINT WARNING * * *
You barely miss the ufetubus. The ufetubus misses you. The ufetubus hits you.
You die... ▓▓▓▓▓▓▓▓▓▓▓▓▓▓▓▓▓▓ +..O5@'...)††...<▓ ▓▓▓▓▓▓▓▓▓▓▓▓▓▓▓▓▓▓

You could see an ogre and an ufetubus.

Vanquished Creatures
  An ogre (D)
  A white imp (D)
  A bat skeleton (D)
  A goblin (D)
  2 hobgoblins (D)
  A jackal (D)
  A rat (D)
8 creatures vanquished.

Notes
Turn   | Place    | Note
-------+----------+-------------------------------------------
     0 | D        | Zeldest the Demonspawn Transmuter began the quest for the
                  | Orb.
     0 | D        | Reached XP level 1. HP: 15/15 MP: 3/3
     9 | D        | Reached skill level 3 in Unarmed Combat
    14 | D        | Reached skill level 4 in Unarmed Combat
    25 | D        | Noticed an ogre
    25 | D        | Noticed an ogre
    30 | D        | Killed an ogre
    31 | D        | Reached skill level 8 in Unarmed Combat
    31 | D        | Lost mutation: You have razor-sharp toenails. [demonic
                  | ancestry]
    31 | D        | Lost mutation: You have sharp toenails. [demonic ancestry]
    31 | D        | Gained mutation: You have large cloven feet. [demonic
                  | ancestry]
    31 | D        | Reached XP level 2. HP: 12/21 MP: 1/5
    31 | D        | Reached XP level 3. HP: 16/26 MP: 1/6
    31 | D        | Reached XP level 4. HP: 19/32 MP: 1/7
    35 | D        | Slain by an ufetubus

Illustrated notes

Levels and vault maps discovered:
D:        linesprint [early_d, line_temple, items_1, d_10, items_2, lair_1,
          lair_end, items_3, orc_1, orc_end, items_4, d_15, swamp_1, shoals_1,
          snake_1, spider_1, d_20, vaults_1, items_5, swamp_end, shoals_end,
          snake_end, spider_end, vaults_end, d_27, items_6, zot_1, zot_end,
          crypt_end, forest_end, elf_end, slime_end, tomb_end, abyss_end,
          pan_hell_end]

Skill      XL: |  1 |
---------------+----+-----
Unarmed Combat | 8 |  8.6
Fighting       | |  1.0
Dodging        | |  1.7
Spellcasting   | |  2.0
Transmutations | |  1.7

Action                   |  1- 3 |  4- 6 || total
-------------------------+-------+-------++-------
Melee: Unarmed           |    14 |     4 ||    18
       Headbutt          |     4 |     1 ||     5
       Kick              |     1 |     1 ||     2
 Cast: Beastly Appendage |     2 |       ||     2
  Use: Potion            |     2 |       ||     2
Armor: Robe              |     1 |       ||     1
Dodge: Dodged            |     5 |     1 ||     6

Table legend: (Time is in decaauts)
 A = Elapsed time spent in this place.
 B = Non-inter-level travel time spent in this place.
 C = Inter-level travel time spent in this place.
 D = Time resting spent in this place.
 E = Time spent auto-exploring this place.
 F = Levels seen in this place.
 G = Mean time per level.
                   A        B        C        D        E       F      G
               +--------+--------+--------+--------+--------+-----+--------+
         Total |     30 |     30 |      0 |      0 |      0 |   1 |   30.0 |
       Dungeon |     30 |     30 |      0 |      0 |      0 |   1 |   30.0 |
               +--------+--------+--------+--------+--------+-----+--------+

Top non-repeatable levels by time:
       D: 30 daAuts
